 Dungeon Crawl Stone Soup version 0.24-a0-230-g536ed4e33c (webtiles) character file.

Game seed: 13903137688681503737

135 Redear the Sneak (level 4, 0/21 HPs)
             Began as a Spriggan Enchanter on Apr 3, 2019.
             Killed from afar by Natasha (8 damage)
             ... with a magic dart
             ... on level 4 of the Dungeon.
             The game lasted 00:09:55 (966 turns).

Redear the Sneak (Spriggan Enchanter)                Turns: 966, Time: 00:09:55

Health: 0/21       AC:  2    Str:  5    XL:     4   Next: 97%
Magic:  2/10       EV: 19    Int: 16    God:
Gold:   144        SH:  0    Dex: 16    Spells: 7/10 levels left

rFire    . . .     SeeInvis +   a - +1 dagger
rCold    . . .     Gourm    .   (shield restricted)
rNeg     . . .     Faith    .   b - +0 robe
rPois    .         Spirit   .   (helmet restricted)
rElec    .         Reflect  .   (no cloak)
rCorr    .         Harm     .   (gloves unavailable)
MR       .....                  (boots unavailable)
Stlth    +++.......             (no amulet)
HPRegen  0.07/turn              (no ring)
MPRegen  0.12/turn              (no ring)

@: very quick
A: very small, unfitting armour, see invisible, herbivore, speed 3, slow
metabolism 2
a: no special abilities


You were on level 4 of the Dungeon.
You were not hungry.

You visited 1 branch of the dungeon, and saw 6 of its levels.

You collected 144 gold pieces.

Inventory:

Hand Weapons
 a - a +1 dagger (weapon)
Missiles
 g - 13 poisoned needles
 i - 44 sling bullets
 Q - 46 stones (quivered)
Armour
 b - a +0 robe (worn)
 k - a +0 buckler
Jewellery
 m - an uncursed ring of stealth {unknown}
Scrolls
 e - 2 scrolls of remove curse {unknown}
 j - a scroll of fog {unknown}
 n - a scroll of enchant armour {unknown}
 o - a scroll of teleportation {unknown}
 p - a scroll of identify {unknown}
Potions
 c - a potion of haste {unknown}
 f - a potion of mutation {unknown}
 h - a potion of flight {unknown}
 l - a potion of curing {unknown}
Comestibles
 d - 3 rations


   Skills:
 + Level 2.4 Short Blades
 + Level 4.2 Dodging
 + Level 5.5 Stealth
 + Level 3.7 Spellcasting
 + Level 4.4 Hexes


You had 7 spell levels left.
You knew the following spells:

 Your Spells              Type           Power        Failure   Level  Hunger
a - Ensorcelled Hibernat  Hex/Ice        ##....       11%         2    ##.....
v - Corona                Hex            ###....      2%          1    None

Your spell library contained the following spells:

 Spells                   Type           Power        Failure   Level  Hunger
 Confuse                  Hex            ###.....     9%          3    ###....
 Tukima's Dance           Hex            ###.....     9%          3    ###....
 Dazzling Spray           Conj/Hex       ##....       22%         3    ###....


Dungeon Overview and Level Annotations

Branches:
Dungeon (6/15)
 Temple: D:4-7

Altars:
Dithmenos
Uskayaw

Shops:
D:4 (

Annotations:
D:4 Natasha, Sigmund


Innate Abilities, Weirdness & Mutations

You are very small and have problems with some larger weapons.
You are too small for most types of armour.
You have supernaturally acute eyesight. (SInv)
You are a herbivore.
You cover ground extremely quickly.
You need to consume almost no food.


Message History

You don't have enough magic to cast that spell.
Unknown command.
You miss Natasha. Natasha misses you.
You closely miss Natasha. Natasha claws you but does no damage.
You barely miss Natasha. Natasha claws you.
You take 5 damage, and have 16/21 hp.
MASSIVE DAMAGE!!
You closely miss Natasha. Natasha completely misses you.
You hit Natasha. Natasha barely misses you.
You closely miss Natasha. You hit Natasha but do no damage.
Natasha completely misses you.
You hit Natasha. Natasha claws you!
* * * LOW HITPOINT WARNING * * *
You take 9 damage, and have 8/21 hp.
MASSIVE DAMAGE!!
Natasha wildly gestures.
Natasha glows brightly for a moment.
Natasha casts a spell at you. The magic dart hits you!
You die...

#....##.∩.∩#
#.........#
#....##∩.∩###+#####.
#............).....
#..#####.#.........
#..# #.#.........
#<.# #.#.........
#..#. #.#.........
#..#.###@#.........
#.>#.....#..$......
##.#.###.#.........
#.#.#(#h..........
#+#.###..†........
........#........
........#........
.......†#..#.#.#.
..###.###.....?..


You could see Natasha.

Levels and vault maps discovered:
D:1:      ldierk_water_garden, layout_loops_cross
D:2:      layout_loops_ring, nicolae_overflow_hidden_temple,
          lemuel_doored_altar, grunt_qazlal_sundering
D:3:      layout_rooms, hex_medium
D:4:      cheibrodos_helix_gallery, layout_basic, kennysheep_mini,
          minmay_temple_entry_nine_rooms, serial_glass, glass_columns_a,
          glass_columns_a, glass_columns_b, glass_columns_b, glass_columns_b,
          glass_columns_a, item_on_display_a, item_on_display_a,
          minmay_strange_pillars, item_on_display_a, serial_shops,
          nicolae_shop_competitors_out_of_business, minmay_tree_intersection,
          sigmund_army, uniq_sigmund, uniq_ijyb, uniq_natasha
D:5:      layout_cave_pods, nicolae_overflow_crystal_walls, first_ration
D:6:      minmay_evil_eye, layout_loops_ring, minmay_misc_feat_square

Notes
Turn   | Place    | Note
-------+----------+-------------------------------------------
     0 | D:1      | Redear the Spriggan Enchanter began the quest for the Orb.
     0 | D:1      | Reached XP level 1. HP: 9/9 MP: 5/5
    84 | D:1      | Reached XP level 2. HP: 12/13 MP: 6/6
   130 | D:2      | Found a hide-covered altar of Uskayaw.
   252 | D:1      | Reached skill level 3 in Spellcasting
   339 | D:3      | Noticed a big kobold
   392 | D:4      | Learned a level 2 spell: Ensorcelled Hibernation
   417 | D:4      | Identified a +0 scythe of distortion
   417 | D:4      | Identified a +0 robe
   417 | D:4      | Noticed Sigmund
   441 | D:5      | Entered Level 5 of the Dungeon
   666 | D:5      | Noticed a crimson imp
   670 | D:5      | Killed a crimson imp
   670 | D:5      | Reached skill level 2 in Short Blades
   670 | D:5      | Reached skill level 5 in Stealth
   670 | D:5      | Reached skill level 4 in Hexes
   670 | D:5      | Reached XP level 3. HP: 16/16 MP: 8/8
   677 | D:5      | Found a shadowy altar of Dithmenos.
   828 | D:6      | Noticed a scorpion
   832 | D:6      | Killed a scorpion
   832 | D:6      | Reached skill level 4 in Dodging
   832 | D:6      | Reached XP level 4. HP: 21/21 MP: 8/10
   926 | D:4      | Found Ijuat's Weapon Boutique.
   945 | D:4      | Noticed Natasha
   966 | D:4      | Killed from afar by Natasha

Table legend:
 A = Turns spent in this place as a percentage of turns spent in the entire game.
 B = Non-inter-level travel turns spent in this place as a percentage of non-inter-level travel turns spent in the entire game.
 C = Inter-level travel turns spent in this place as a percentage of turns spent in this place.
 D = Turns resting spent in this place as a percentage of non-inter-level travel turns spent in this place.
 E = Turns spent auto-exploring this place as a percentage of non-inter-level travel turns spent in this place.
 F = Non-inter-level travel turns spent in this place divided by the number of levels of this place that you've seen.
                   A       B       C       D       E      F
               +-------+-------+-------+-------+-------+----------------------
         Total | 100.0 | 100.0 |   6.2 |   0.0 |   3.8 | 151.0
       Dungeon | 100.0 | 100.0 |   6.2 |   0.0 |   3.8 | 151.0
               +-------+-------+-------+-------+-------+----------------------

Table legend:
 A = Kills in this place as a percentage of kills in entire the game.
 B = Kills by you in this place as a percentage of kills by you in the entire game.
 C = Kills by friends in this place as a percentage of kills by friends in the entire game.
 D = Other kills in this place as a percentage of other kills in the entire game.
 E = Experience gained in this place as a percentage of experience gained in the entire game.
 F = Experience gained in this place divided by the number of levels of this place that you have seen.
                   A       B       C       D       E      F
               +-------+-------+-------+-------+-------+----------------------
         Total | 100.0 | 100.0 |   N/A |   N/A | 100.0 |  32.3
       Dungeon | 100.0 | 100.0 |   N/A |   N/A | 100.0 |  32.3
               +-------+-------+-------+-------+-------+----------------------

Skill      XL: |  1  2  3 |
---------------+----------+-----
Spellcasting   | 3 |  3.7
Short Blades   | 2 |  2.4
Stealth        | 5 |  5.5
Hexes          | 4 |  4.4
Dodging        | 4 |  4.2

Action                   |  1- 3 |  4- 6 || total
-------------------------+-------+-------++-------
Melee: Dagger            |    42 |    10 ||    52
 Cast: Ensorcelled Hiber |       |     7 ||     7
 Stab: Sleeping          |    10 |     2 ||    12
Armor: Robe              |     3 |     1 ||     4
Dodge: Dodged            |    26 |     4 ||    30

Vanquished Creatures
  A scorpion (D:6)
  A crimson imp (D:5)
  A hound (D:4)
  2 dart slugs
  3 leopard geckos
  A giant cockroach (D:1)
  3 goblins
  5 bats
  4 rats
  A toadstool (D:1)
22 creatures vanquished.

Vanquished Creatures (others)
  3 toadstools (D:1)
3 creatures vanquished.

Grand Total: 25 creatures vanquished
